 Dungeon Crawl Stone Soup version 0.29.0-5-ge4962eb29e (webtiles) character file.

Game seed: 4235277918712580913

14 ProzacElf the Sneak (level 2, -2/20 HPs)
             Began as a Ghoul Fire Elementalist on Aug 29, 2022.
             Slain by a goblin
             ... wielding a +0 dagger
              (3 damage)
             ... on level 1 of the Dungeon.
             The game lasted 00:02:00 (1006 turns).

ProzacElf the Sneak (Ghoul Fire Elementalist)       Turns: 1006, Time: 00:02:01

Health: -2/20      AC:  2    Str: 11    XL:     2   Next: 45%
Magic:  0/3        EV: 12    Int: 10    God:
Gold:   24         SH:  0    Dex:  9    Spells: 1/4 levels left

rFire   . . .      SeeInvis .   f - +0 dagger
rCold   + . .      Faith    .   (no shield)
rNeg    + + +      Spirit   .   a - +0 robe
rPois   ∞          Reflect  .   (no helmet)
rElec   .          Harm     .   (no cloak)
rCorr   .          Rampage  .   (no gloves)
Will    .....                   (no boots)
Stlth   ++........              (no amulet)
HPRegen 0.00/turn               (no ring)
MPRegen 0.08/turn               (no ring)

@: very slightly contaminated, inhibited regen
A: claws 1, cold resistance 1, negative energy resistance 3, inhibited
regeneration, torment resistance 2, devour on kill
a: no special abilities


You were on level 1 of the Dungeon.
You visited 1 branch of the dungeon, and saw 1 of its levels.

You collected 24 gold pieces.

Inventory:

Hand Weapons
 f - a +0 dagger (weapon)
Armour
 a - a +0 robe (worn)
Scrolls
 c - a scroll of noise {unknown}
 d - a scroll of fear {unknown}
 e - a scroll of poison {unknown}
Potions
 b - a potion of magic


   Skills:
 - Level 1.7 Dodging
 + Level 3.5 Stealth
 - Level 1.7 Spellcasting
 - Level 0.7 Conjurations
 - Level 2.4 Fire Magic


You had one spell level left.
You knew the following spells:

 Your Spells              Type           Power      Damage    Failure   Level
a - Foxfire               Conj/Fire      16%        2x1d4     17%         1
b - Scorch                Fire           10%        2d5       19%         2

Your spell library contained the following spells:

 Spells                   Type           Power      Damage    Failure   Level
 Conjure Flame            Conj/Fire      4%         6-21      45%         3
 Inner Flame              Hex/Fire       3%         N/A       52%         3
 Flame Wave               Conj/Fire      4%         2d5       86%         4


Dungeon Overview and Level Annotations

Branches:
Dungeon (1/15)

Altars:


Innate Abilities, Weirdness & Mutations

You are immune to poison.
You have sharp fingernails.
Your flesh is cold resistant. (rC+)
You are immune to negative energy. (rN+++)
You do not regenerate when monsters are visible.
You are immune to unholy pain and torment.
You thrive by killing the living.


Message History

Tha foxfire hits tha endoplasm.
Ye kill tha endoplasm!
Ye feel better.
Ye hit tha goblin but do nay damage.
Tha goblin hits ye but does nay damage.
Ye hit tha goblin but do nay damage.
Tha goblin hits ye but does nay damage.
Ye hit tha goblin but do nay damage.
Tha goblin completely misses ye.
Ye hit tha goblin but do nay damage.
Tha goblin hits ye wit' a +0 dagger.
Ye take 1 damage, an' haf 11/20 hp.
Ye hit tha goblin but do nay damage.
Tha goblin hits ye wit' a +0 dagger.
Ye take 3 damage, an' haf 8/20 hp.
Ye closely miss tha goblin.
Tha goblin closely misses ye.
Castin': Foxfire (safe; 17% risk o' failure) Confirm wit' . or Enter, or press ? or * ta list all spells.
Ye conjure some foxfire!
Tha goblin barely misses ye.
Ye now haf 0/3 mp.
Tha foxfire hits tha goblin.
Tha goblin be moderately wounded.
Tha foxfire hits tha goblin but does nay damage.
Tha goblin be moderately wounded.
Ye hit tha goblin.
Tha goblin be severely wounded.
Tha goblin hits ye wit' a +0 dagger.
* * * LOW HITPOINT WARNIN'
* * * Ye take 4 damage, an' haf 4/20 hp.
Ye barely miss tha goblin.
Tha goblin be severely wounded.
Tha goblin hits ye wit' a +0 dagger.
* * * LOW HITPOINT WARNIN'
* * * Ye take 1 damage, an' haf 3/20 hp.
Tha goblin attacks as ye move away!
Tha goblin hits ye wit' a +0 dagger.
* * * LOW HITPOINT WARNIN'
* * * Ye take 2 damage, an' haf 1/20 hp.
Okay, than.
A ball python comes inta view.
Castin': Foxfire (safe; 17% risk o' failure) Confirm wit' . or Enter, or press ? or * ta list all spells.
Ye miscast Foxfire.
Ye be very lightly contaminated wit' residual magic.
Nuthin' appears ta happ'n.
Tha goblin hits ye wit' a +0 dagger.
Ye die...

##.>....†...# #.. ...
#...........# #..
.....####.....#.....## #..
S..........## #..##..###..
......#....####......#....
..... ....#.............#......
r.... ....#............####....
...... #...........### #....
...... #..>g@......#######...
......# #...##...........(...#
....... ##.#..............##.#
......?###.........#....†#..#.#
#.......#.........##...##..#.#
#.................###.###.....
#..###.........#### #.# ####..
.................## #.# ##... .
!...............####.####....


You could see a goblin.

Vanquished Creatures
  2 ball pythons (D:1)
  2 endoplasms (D:1)
  2 hobgoblins (D:1)
  A kobold (D:1)
  3 quokkas (D:1)
  2 frilled lizards (D:1)
12 creatures vanquished.

Vanquished Creatures (others)
  27 foxfires (D:1)
27 creatures vanquished.

Grand Total: 39 creatures vanquished

Notes
Turn   | Place    | Note
-------+----------+-------------------------------------------
     0 | D:1      | ProzacElf the Ghoul Fire Elementalist began the quest for
                  | the Orb.
     0 | D:1      | Reached XP level 1. HP: 14/14 MP: 2/2
   190 | D:1      | Reached skill level 3 in Stealth
   286 | D:1      | Reached XP level 2. HP: 16/20 MP: 3/3
   345 | D:1      | Learned a level 2 spell: Scorch
  1001 | D:1      | HP: 1/20 [goblin/+0 dagger (2)]
  1006 | D:1      | Slain by a goblin

Illustrated notes

Levels and vault maps discovered:
D:1:      roderic_crossed_star, layout_rooms

Skill      XL: |  1 |
---------------+----+-----
Stealth        | 3 |  3.5
Dodging        | |  1.7
Spellcasting   | |  1.7
Conjurations   | |  0.7
Fire Magic     | |  2.4

Action                   || total
-------------------------++-------
Melee: Dagger            ||    42
       Unarmed           ||     2
 Cast: Foxfire           ||    14
 Stab: Sleeping          ||     1
Armor: Robe              ||     5
Dodge: Dodged            ||    47
